 Dungeon Crawl Stone Soup version 0.30.1 (webtiles) character file.

Game seed: 16418775264003468768

706 Graphine the Chopper (level 7, -2/61 HPs)
             Began as a Hill Orc Fighter on July 3, 2023.
             Was an Initiate of the Shining One.
             Slain by a black bear (10 damage)
             ... on level 5 of the Dungeon.
             The game lasted 00:06:22 (4439 turns).

Graphine the Chopper (Hill Orc Fighter)             Turns: 4439, Time: 00:06:23

Health: -2/61      AC:  8    Str: 21    XL:     7   Next: 67%
Magic:  7/7        EV:  9    Int:  8    God:    the Shining One [......]
Gold:   193        SH:  4    Dex: 10    Spells: 6/6 levels left

rFire   + . .        o - +0 broad axe
rCold   . . .        c - +0 buckler
rNeg    . . .        b - +0 scale mail
rPois   .            (no helmet)
rElec   .            n - scarf {+Inv}
rCorr   .            (no gloves)
SInv    +            r - +0 pair of boots
Will    .....        (no amulet) Stlth
                     g - ring of see invisible
HPRegen 0.30/turn    C - ring of protection from fire
MPRegen 0.10/turn

%: no passive effects
@: glowing
A: no striking features
a: Renounce Religion, Evoke Invisibility


You were on level 5 of the Dungeon.
You worshipped the Shining One.
The Shining One was noncommittal.
You visited 2 branches of the dungeon, and saw 6 of its levels.

You collected 193 gold pieces.

Inventory:

Hand Weapons
 o - a +0 broad axe (weapon)
 p - a +0 glaive
 q - a +2 hand axe of electrocution
Missiles
 u - a throwing net (quivered)
Armour
 b - a +0 scale mail (worn)
 c - a +0 buckler (worn)
 n - a scarf of invisibility (worn)
 r - a +0 pair of boots (worn)
Jewellery
 g - a ring of see invisible (left hand)
 k - a ring of fire
 y - a +6 ring of dexterity
 B - a +6 ring of intelligence
 C - a ring of protection from fire (right hand)
Wands
 l - a wand of polymorph (9)
 s - a wand of digging (2)
Scrolls
 i - 2 scrolls of teleportation
 j - a scroll of blinking
 v - a scroll of vulnerability {unknown}
 w - a scroll of butterflies {unknown}
 x - a scroll of poison
 A - a scroll of identify
Potions
 a - a potion of berserk rage
 d - 3 potions of might
 e - 3 potions of curing
 f - a potion of flight {unknown}
 h - 4 potions of attraction
 m - 4 potions of haste
 t - a potion of ambrosia {unknown}
 z - 2 potions of lignification {unknown}


   Skills:
 + Level 5.2 Fighting
 * Level 6.5 Axes
 + Level 4.8 Armour
 + Level 4.7 Shields
 * Level 3.6 Evocations


You had 6 spell levels left.
You didn't know any spells.
Your spell library contained the following spells:

 Spells                   Type           Power      Damage    Failure   Level
 Beastly Appendage        Tmut           0%         N/A       80%         1
 Wereblood                Tmut           0%         N/A       91%         2
 Spider Form              Tmut/Pois      0%         N/A       99%         3


Dungeon Overview and Level Annotations

Branches:
Dungeon (5/15)             Temple (1/1) D:5

Altars:
Cheibriados
Dithmenos
Kikubaaqudgha
Nemelex Xobeh
Qazlal
Ru
Sif Muna
Trog
Uskayaw
Zin
The Shining One


Message History

The black bear claws you but does no damage.
You slash the black bear!
The black bear is almost dead.
You closely miss the iguana. The black bear bites you.
The black bear claws you but does no damage.
The black bear barely misses you. The iguana closely misses you.
The black bear barely misses you.
The black bear claws you but does no damage.
The black bear claws you.
You hit the black bear but do no damage.
The black bear is almost dead.
You slash the iguana!
The black bear bites you but does no damage.
The black bear claws you but does no damage.
The black bear claws you.
The iguana bites you but does no damage.
The black bear barely misses you.
The black bear claws you but does no damage.
The black bear claws you.
You barely miss the black bear.
The black bear is almost dead.
You hit the iguana. The iguana bites you. The black bear closely misses you.
You block the black bear's attack. The black bear claws you.
The iguana bites you but does no damage.
The black bear bites you.
The black bear claws you but does no damage.
The black bear barely misses you.
You are too injured to fight recklessly!
Cleave: o) +0 broad axe
Press: ? - help, Dir - move target, f - black bear
Aim: a black bear (almost dead, berserk, about 36% to evade your +0 broad axe)
You hit the black bear.
The black bear is almost dead.
You hit the iguana but do no damage. The black bear bites you!
The black bear claws you.
* * * LOW HITPOINT WARNING * * *
You block the black bear's attack. The iguana bites you!
* * * LOW HITPOINT WARNING * * *
The black bear bites you!
You die...

.# #..# #... .. #..##
##... ... .# #..###..#
... .# ##.......# ....
.########........##....#
..................#....#
......###.<##.........#
## #<.####.......# #
#..# ##@l....# # #..#
#.h...... ## #..#
#........ .# #..#
#.....#.. .## #..#
#.....# . ..## #..#
#......# ...# ###..###
#........
#..####......###..##....
..>.#......##..#


You could see a black bear (berserk) and an iguana.

Vanquished Creatures
  An ogre (D:5)
  A centaur (D:5)
  3 scorpions
  2 orc priests (D:5)
  A jelly (D:5)
  A hound (D:5)
  An iguana (D:5)
  An orc wizard (D:5)
  3 gnolls (D:4)
  7 adders
  3 worms
  A dart slug (D:1)
  11 orcs
  5 bats
  5 endoplasms
  2 giant cockroaches
  8 hobgoblins
  4 quokkas
  8 ball pythons
  5 frilled lizards
  7 goblins
  6 kobolds
  7 rats
93 creatures vanquished.

Notes
Turn   | Place    | Note
-------+----------+-------------------------------------------
     0 | D:1      | Graphine the Hill Orc Fighter began the quest for the Orb.
     0 | D:1      | Reached XP level 1. HP: 19/19 MP: 1/1
   116 | D:1      | Reached skill level 3 in Axes
   165 | D:1      | Reached XP level 2. HP: 27/27 MP: 2/2
   691 | D:2      | Reached XP level 3. HP: 31/33 MP: 3/3
   874 | D:2      | Reached skill level 4 in Axes
   938 | D:2      | Reached XP level 4. HP: 40/40 MP: 4/4
  1534 | D:3      | Noticed a scorpion
  1541 | D:3      | Killed a scorpion
  1542 | D:3      | Reached skill level 1 in Evocations
  1542 | D:3      | Reached XP level 5. HP: 40/47 MP: 5/5
  1769 | D:3      | Found a glowing golden altar of the Shining One.
  1776 | D:3      | Became a worshipper of the Shining One
  2005 | D:4      | Reached skill level 5 in Axes
  2005 | D:4      | Reached XP level 6. HP: 39/53 MP: 6/6
  2513 | D:4      | Found a snail-covered altar of Cheibriados.
  3081 | D:5      | Entered Level 5 of the Dungeon
  3139 | D:5      | Identified the +2 robe "Ziwuss" {Dex+5}
  3217 | D:5      | Reached XP level 7. HP: 37/60 MP: 7/7
  3332 | D:5      | Found a sparkling altar of Nemelex Xobeh.
  3411 | D:5      | Reached skill level 5 in Fighting
  3460 | D:5      | Found a shadowy altar of Dithmenos.
  3571 | D:5      | Reached skill level 6 in Axes
  3784 | D:5      | Found a staircase to the Ecumenical Temple.
  3887 | Temple   | Entered the Ecumenical Temple
  4439 | D:5      | Slain by a black bear

Illustrated notes

Levels and vault maps discovered:
D:1:      tekkud_arrival_beachfront_property, layout_basic
D:2:      layout_rooms
D:3:      layout_rooms, tso_altar, kennysheep_decorative_pillar
D:4:      layout_basic, cheibrodos_worm_habitat
D:5:      layout_layer_cave, mainiacjoe_overflow_catwalk,
          mainiacjoe_overflow_boulevard, temple_hall
Temple:   nicolae_temple_bog_church

Skill      XL: |  1  2  3  4  5  6  7 |
---------------+----------------------+-----
Axes           | 3 4 5 6 |  6.5
Fighting       | 4 5 |  5.2
Armour         | 4 |  4.8
Shields        | 4 |  4.7
Evocations     | 1 2 3 |  3.6

Action                     |  1- 3 |  4- 6 |  7- 9 || total
---------------------------+-------+-------+-------++-------
  Melee: War axe           |   110 |    33 |       ||   143
         Broad axe         |       |   117 |    56 ||   173
    Use: Scroll            |     2 |     5 |       ||     7
 Armour: Scale mail        |    57 |    78 |    46 ||   181
  Dodge: Dodged            |    52 |    86 |    34 ||   172
  Block: Buckler           |    25 |    44 |    10 ||    79
